 Dungeon Crawl Stone Soup version 0.18.1-50-g88ac8fd (webtiles) character file.

453 kurovuster the Ducker (level 7, -4/42 HPs)
             Began as a Gargoyle Gladiator on Oct 22, 2016.
             Slain by an iguana (7 damage)
             ... on level 5 of the Dungeon.
             The game lasted 00:16:00 (2672 turns).

kurovuster the Ducker (Gargoyle Gladiator)          Turns: 2672, Time: 00:16:00

Health: -4/42      AC: 13    Str: 18 (20) XL:     7   Next: 5%
Magic:  7/7        EV: 11    Int: 13 (14) God:
Gold:   90         SH:  0    Dex:  9 (10) Spells: 0 memorised, 6 levels left

rFire  . . .     SeeInvis .     f - +0 rapier
rCold  . . .     Gourm    .     j - +0 scale mail
rNeg   + . .     Faith    .     (no shield)
rPois  ∞         Spirit   .     c - +0 helmet
rElec  +         Dismiss  .     (no cloak)
rCorr  .         Reflect  .     (no gloves)
SustAt .         Harm     .     e - +0 pair of boots
MR     .....                    (no amulet)
Stlth  ..........               (no ring)
                                (no ring)

@: brilliant, exhausted, slowed, very slow, not resistant to hostile
enchantments, extremely unstealthy
A: negative energy resistance 1, electricity resistance, unbreathing,
petrification resistance, rot immunity, AC +4
a: no special abilities


You were on level 5 of the Dungeon.
You were very hungry.

You visited 1 branch of the dungeon, and saw 4 of its levels.

You collected 90 gold pieces.

Inventory:

Hand Weapons
 a - a +0 long sword
 f - a +0 rapier (weapon)
Missiles
 d - 2 throwing nets
 g - 177 stones (quivered)
Armour
 b - a +0 leather armour
 c - a +0 helmet (worn)
 e - a +0 pair of boots (worn)
 h - a +0 leather armour
 j - a +0 scale mail (worn)
 o - the cursed +1 leather armour of Bunox {Dex+4, unknown}
   (You found it on level 4 of the Dungeon)

   It affects your dexterity (+4).
   It has a curse placed upon it.
Jewellery
 k - an uncursed ring of magical power {unknown}
Potions
 i - a potion of degeneration
Comestibles
 n - a meat ration


   Skills:
 + Level 3.8 Fighting
 + Level 0.5(2.4) Short Blades
 + Level 3.8(3.9) Long Blades
 + Level 2.4 Throwing
 + Level 3.2 Armour
 + Level 4.1 Dodging
 + Level 0.5 Stealth


You had 6 spell levels left.
You didn't know any spells.

Dungeon Overview and Level Annotations

Branches:
Dungeon (5/15)
 Temple: D:4-7

Altars:
Ashenzari


Innate Abilities, Weirdness & Mutations

You are resistant to torment.
Your stone body is resilient (AC +4).
You are immune to poison.
You resist negative energy.
You are resistant to electric shocks.
You can survive without breathing.
You are immune to petrification.
You are immune to rotting.


Message History

The orc throws a tomahawk.
The tomahawk hits you but does no damage.
The orc barely misses you.
You hit the orc.
You kill the orc!
You puncture the orc!
You kill the orc!
The iguana completely misses you.
An adder skeleton comes into view.
You hit the iguana but do no damage. The iguana barely misses you.
The iguana closely misses you.
You hit the iguana but do no damage.
The iguana bites you but does no damage. x2
You hit the iguana.
The iguana is moderately wounded.
The iguana closely misses you.
You hit the iguana.
The iguana is heavily wounded.
The iguana bites you!
You die...

...#.####
#..#....##
#..#<....#
#........#
#...>.....
.#####..........
.......)Z.# !.#.
#(@l.# .....
#.††## .....
#...# ......
#...##......
#...........
#(#..###.##
#.##<# #. #)# #.
#.#


You could see an iguana and an adder skeleton.

Vanquished Creatures
  An ice beast (D:5)
  A centaur (D:4)
  3 hounds (D:4)
  An orc priest (D:4)
  A worker ant (D:4)
  Natasha (D:2)
  A hound skeleton (D:4)
  A howler monkey skeleton (D:4)
  2 adders
  An adder skeleton (D:4)
  5 worms
  A dart slug (D:4)
  4 giant geckos
  8 orcs
  A ball python (D:1)
  A bat (D:2)
  2 giant cockroaches (D:1)
  2 goblins
  A hobgoblin (D:2)
  7 jackals
  2 giant gecko skeletons (D:4)
  4 giant newts
  2 kobolds
  3 rats (D:1)
56 creatures vanquished.

Notes
Turn   | Place    | Note
--------------------------------------------------------------
     0 | D:1      | kurovuster the Gargoyle Gladiator began the quest for the Orb.
     0 | D:1      | Reached XP level 1. HP: 12/12 MP: 1/1
   491 | D:1      | Reached XP level 2. HP: 17/17 MP: 2/2
   960 | D:2      | Reached XP level 3. HP: 20/22 MP: 3/3
  1126 | D:2      | Noticed Natasha
  1133 | D:2      | Killed Natasha
  1133 | D:2      | Reached skill level 3 in Dodging
  1387 | D:2      | Reached XP level 4. HP: 21/27 MP: 4/4
  1471 | D:2      | You fall through a shaft for 2 floors!
  1599 | D:4      | Reached skill level 1 in Armour
  1599 | D:4      | Reached XP level 5. HP: 32/32 MP: 5/5
  1667 | D:4      | Found a shattered altar of Ashenzari.
  2066 | D:4      | Reached XP level 6. HP: 32/37 MP: 6/6
  2116 | D:4      | Got a crude leather armour
  2166 | D:4      | Reached skill level 4 in Dodging
  2601 | D:4      | Noticed an ice beast
  2628 | D:5      | Entered Level 5 of the Dungeon
  2644 | D:4      | HP: 1/37 [ice beast (11)]
  2656 | D:5      | Killed an ice beast
  2656 | D:5      | Reached XP level 7. HP: 4/42 MP: 7/7
  2656 | D:5      | HP: 3/63 [jackal (1)]
  2663 | D:5      | HP: 1/42 [jackal (2)]
  2672 | D:5      | Slain by an iguana

Skill      XL: |  1  2  3  4  5  6 |
---------------+-------------------+-----
Throwing       | 2 |  2.4
Long Blades    | 3 |  3.8
Dodging        | 3 4 |  4.1
Fighting       | 3 |  3.8
Armour         | 1 2 3 |  3.2
Short Blades   | |  0.5
Stealth        | |  0.5

Action                   |  1- 3 |  4- 6 |  7- 9 || total
-------------------------+-------+-------+-------++-------
Melee: Long sword        |    76 |    74 |       ||   150
       Rapier            |       |    95 |    13 ||   108
Throw: Stone             |       |    20 |       ||    20
       Throwing net      |       |     1 |       ||     1
  Use: Scroll            |     3 |       |       ||     3
       Potion            |       |     2 |     1 ||     3
  Eat: Bread ration      |     1 |       |       ||     1
       Chunk             |     1 |       |       ||     1
Armor: Leather armour    |     7 |       |       ||     7
       Scale mail        |    30 |    96 |     8 ||   134
Dodge: Dodged            |    48 |    98 |     9 ||   155
